Match 38041222
Unlisted

Match 38041222
End
Royal Engineer Section
Construct Section Command Post
Infantry Section
Infantry Section
Infantry Section
Construct Field Infirmary
Construct Platoon Command Post
Selects Indian Artillery Battlegroup
Selects War Cry
Selects Gurkha Rifles Section
6-pounder Anti-tank Gun Team
Gurkha Rifles Section
Gurkha Rifles Section
Infantry Training
Construct Company Command Post
Selects Volunteer Infantry
Foot Guards Section
Selects Artillery Saturation
Foot Guards Section
Unlock M3 Grant Medium Tanks
M3 Grant Medium Tank
Selects Off-map Airburst Barrage
Selects BL5.5 Artillery Emplacement
Royal Engineer Section
War Cry
Off-map Airburst Barrage
Foot Guards Section
CMP 15cwt Truck
War Cry
STALKER4732
ezh
Devochkin
atank
Raedwulf
shootinputin
0
0

Comments sign in to comment!

No comments posted yet!